AoeStats
← The Cow. Muu

Arabia

503316356Analyzed
3v3 RM · 1mo ago on Aug 31, 2026· 62m 10s· 6 players
Game mode
Random Map
Map size
Normal (6 player)
Population
200
Speed
Normal
Resources
Standard
Victory
Conquest
Starting age
Dark Age
Ending age
Imperial Age
RankedLock teamsTeams togetherTeam positionsShared explorationLock speedFull tech treeHidden civsTurbo modeCheats
Victory
Defeat
🇲🇽 Ethiopians · Mexico
1388
+12
🇺🇸 Maya · United States
1380
+12
🇲🇽 Georgians · Mexico
1356
+13
🇦🇷 Portuguese · Argentina
1320
-14
🇦🇷 Ethiopians · Argentina
1314
-13
🇦🇷 Persians · Argentina
1258
-11
Hu3v0
6:08 Loom
8:32 Feudal Age
9:55 Double-Bit Axe
10:19 Horse Collar
17:34 Wheelbarrow
20:07 Castle Age
19:36 Bloodlines
21:02 Scale Barding Armor
22:11 Forging
23:09 Husbandry
23:24 Gold Mining
25:42 Heavy Plow
29:01 Iron Casting
29:18 Gold Shaft Mining
30:36 Chain Barding Armor
32:37 Bow Saw
38:37 Imperial Age
36:25 Hand Cart
36:08 Stone Mining
38:19 Cavalier
40:01 Blast Furnace
40:07 Plate Barding Armor
39:28 Savar
40:03 Town Watch
47:24 Town Patrol
Wallyfly
10:58 Feudal Age
15:18 Castle Age
13:46 Double-Bit Axe
16:34 Bow Saw
19:34 Horse Collar
22:57 Loom
25:37 Gold Mining
26:25 Wheelbarrow
28:38 Stone Mining
33:51 Imperial Age
37:01 Chemistry
41:05 Two-Man Saw
42:32 Elite Organ Gun
46:45 Conscription
46:28 Arquebus
46:08 Pikeman
47:07 Halberdier
48:03 Scale Mail Armor
48:16 Forging
49:14 Fletching
49:49 Chain Mail Armor
The HOD
7:15 Loom
9:38 Feudal Age
10:43 Double-Bit Axe
22:27 Wheelbarrow
25:42 Castle Age
24:20 Fletching
24:31 Padded Archer Armor
25:55 Horse Collar
25:45 Crossbowman
26:21 Bodkin Arrow
28:25 Leather Archer Armor
29:25 Bow Saw
36:40 Ballistics
36:56 Hand Cart
36:42 Gold Mining
36:42 Stone Mining
42:12 Imperial Age
40:42 Elite Skirmisher
41:28 Thumb Ring
42:13 Arbalester
52:03 Scale Mail Armor
52:17 Forging
51:59 Arson
53:30 Chain Mail Armor
53:17 Squires
54:45 Conscription
56:33 Plate Mail Armor
56:39 Iron Casting
60:51 Blast Furnace
59:55 Royal Heirs
59:15 Elite Shotel Warrior
The Cow. Muu
6:35 Loom
9:13 Feudal Age
9:53 Double-Bit Axe
13:06 Fletching
13:11 Town Watch
14:01 Padded Archer Armor
21:56 Wheelbarrow
25:07 Castle Age
23:16 Gold Mining
23:15 Horse Collar
25:49 Bodkin Arrow
25:16 Crossbowman
26:17 Thumb Ring
27:18 Ballistics
28:07 Leather Archer Armor
28:23 Bow Saw
31:51 Hand Cart
37:19 Imperial Age
38:02 Bracer
37:50 Arbalester
39:45 Chemistry
40:22 Ring Archer Armor
43:35 Two-Man Saw
42:47 Siege Engineers
44:18 Scale Mail Armor
44:29 Forging
43:52 Halberdier
46:20 Chain Mail Armor
47:38 Iron Casting
48:41 Murder Holes
49:20 Plate Mail Armor
49:43 Conscription
50:20 Arson
50:35 Squires
51:48 Blast Furnace
The Last Shadow
0:31 Loom
9:23 Feudal Age
10:16 Double-Bit Axe
11:36 Fletching
20:02 Castle Age
19:06 Horse Collar
20:19 Crossbowman
20:56 Bodkin Arrow
23:38 Town Watch
28:53 Imperial Age
27:17 Eagle Warrior
29:21 Eagle Warrior
31:18 Scale Mail Armor
31:51 Conscription
32:25 Chain Mail Armor
32:22 Bow Saw
36:41 Thumb Ring
38:15 Arbalester
40:11 Ballistics
45:16 Chemistry
44:20 Bracer
45:38 Padded Archer Armor
45:05 Pikeman
46:26 Halberdier
54:24 Plate Mail Armor
54:10 Leather Archer Armor
54:55 Forging
57:33 Squires
[NC] Neuilly
6:25 Loom
8:46 Feudal Age
9:36 Double-Bit Axe
16:32 Forging
16:33 Scale Barding Armor
17:42 Forging
20:50 Gold Mining
23:12 Castle Age
21:47 Bloodlines
23:26 Horse Collar
24:17 Chain Barding Armor
25:05 Bow Saw
35:00 Heavy Plow
37:50 Wheelbarrow
42:43 Imperial Age
42:29 Iron Casting
42:10 Husbandry
44:06 Plate Barding Armor
45:03 Blast Furnace
44:23 Scale Mail Armor
43:48 Cavalier
45:52 Hand Cart
45:39 Stone Mining
47:46 Stone Shaft Mining
52:02 Elite Monaspa
52:08 Elite Monaspa
55:35 Conscription
55:50 Town Watch
60:56 Aznauri Cavalry
Connection lost

Rejoining the realm…

Still unreachable

The connection could not be restored.

Session expired

The server has moved on; the page needs a fresh start.